 Dungeon Crawl Stone Soup version 0.27-a0-1200-g94dc6ad4cf (webtiles) character file.

Game seed: 3214946974960865364

161 bande the Shield-Bearer (level 5, 0/33 HPs)
             Began as a Gargoyle Fighter on May 31, 2021.
             Slain by Pikel
             ... wielding a +1 whip of freezing
              (2 damage)
             ... on level 4 of the Dungeon.
             The game lasted 00:05:59 (3760 turns).

bande the Shield-Bearer (Gargoyle Fighter)          Turns: 3760, Time: 00:06:00

Health: 0/33       AC: 11    Str: 20    XL:     5   Next: 42%
Magic:  0/5        EV:  7    Int:  8    God:
Gold:   159        SH: 10    Dex: 10    Spells: 4/4 levels left

rFire    . . .     SeeInvis .   a - +0 war axe
rCold    . . .     Faith    .   c - +1 kite shield
rNeg     + . .     Spirit   +   b - +0 scale mail
rPois    ∞         Reflect  .   (no helmet)
rElec    +         Harm     .   (no cloak)
rCorr    +         Rampage  .   (no gloves)
Will     .....                  (no boots)
Stlth    ..........             f - amulet of guardian spirit
HPRegen  0.11/turn              j - ring of resist corrosion
MPRegen  0.09/turn              (no ring)

@: mighty
A: sickness immunity, AC +4, negative energy resistance 1, electricity
resistance, torment resistance 1, petrification resistance
a: no special abilities


You were on level 4 of the Dungeon.
You visited 1 branch of the dungeon, and saw 4 of its levels.

You collected 159 gold pieces.

Inventory:

Hand Weapons
 a - a +0 war axe (weapon)
Armour
 b - a +0 scale mail (worn)
 c - a +1 kite shield (worn)
Jewellery
 f - an amulet of guardian spirit (around neck)
 h - an amulet of reflection
 j - a ring of resist corrosion (left hand)
Wands
 m - a wand of charming (15)
 o - a wand of acid (5)
Scrolls
 i - 2 scrolls of identify
 n - a scroll of fear
Potions
 e - a potion of resistance
 g - 3 potions of ambrosia
 k - a potion of haste {unknown}
 l - 2 potions of lignification {unknown}
 p - a potion of brilliance {unknown}


   Skills:
 + Level 3.9 Fighting
 + Level 3.1 Axes
 + Level 3.8 Armour
 + Level 0.8 Dodging
 + Level 4.2 Shields
 * Level 0.9 Evocations


You had 4 spell levels left.
You didn't know any spells.
Your spell library was empty.

Dungeon Overview and Level Annotations

Branches:
Dungeon (4/15)
 Temple: D:4-7

Altars:

Shops:
D:3 *

Annotations:
D:4 3 runed translucent doors, Cheivey's ghost, novice MiFi; Pikel


Innate Abilities, Weirdness & Mutations

You are immune to sickness and miasma.
Your stone body is resilient. (AC +4)
You are immune to poison.
You resist negative energy. (rN+)
You are resistant to electric shocks. (rElec)
You are resistant to unholy torment.
You are immune to petrification.


Message History

You block the iguana's attack.
Unknown command.
You closely miss the lemure.
The lemure is severely wounded.
You slash the iguana!
You kill the iguana!
You block the lemure's attack. The lemure hits you.
Unknown command.
Your scale mail prevents you from hitting the lemure.
The lemure is severely wounded.
You barely miss Pikel. You block the lemure's attack.
Pikel hits you with a +1 whip of freezing.
* * * LOW HITPOINT WARNING * * *
Pikel freezes you.
* * * LOW HITPOINT WARNING * * *
Unknown command.
You closely miss Pikel. You slash the lemure!
You kill the lemure!
That felt strangely unrewarding.
Pikel hits you but does no damage. The lemure hits you but does no damage.
Pikel hits you but does no damage.
You slash Pikel!
Pikel is moderately wounded.
You hit the lemure. The lemure hits you but does no damage.
Pikel hits you but does no damage. You block the lemure's attack.
Unknown command.
You closely miss Pikel.
Pikel is moderately wounded.
You closely miss the lemure. You block Pikel's attack.
You block the lemure's attack.
Pikel hits you with a +1 whip of freezing.
* * * LOW HITPOINT WARNING * * *
Pikel freezes you.
* * * LOW HITPOINT WARNING * * *
You hit Pikel.
Pikel is moderately wounded.
You hit the lemure but do no damage. The lemure hits you.
* * * LOW HITPOINT WARNING * * *
You block Pikel's attack. The lemure hits you but does no damage.
Pikel hits you with a +1 whip of freezing.
You die...

#.#.............# #.....
#.#.#.#.#.....(.# #.....
#.#.#.#.........# #.....
#.#.#.###.......# #.#.#.#
##......#
#.#.#.####55....#
#.#.#.#5.5......#
#.#.#.#K##......##.
#.....#.@5..........
###.#####################
#.# #............... #.#
#.###########..# #.#
#.#............. #.#
#.#.#########).# #.#
#.#..#.......... #.#
#.##.#.######..# #.#
#.##.#.#<.......


You could see Pikel and 2 lemures.

Vanquished Creatures
  A lemure (D:4)
  An iguana (D:4)
  6 adders
  A worm (D:3)
  An orc (D:4)
  10 ball pythons
  6 endoplasms
  4 giant cockroaches
  12 goblins
  7 hobgoblins
  5 jackals
  2 quokkas
  6 bats
  2 frilled lizards
  4 kobolds
  2 rats
70 creatures vanquished.

Notes
Turn   | Place    | Note
-------+----------+-------------------------------------------
     0 | D:1      | bande the Gargoyle Fighter began the quest for the Orb.
     0 | D:1      | Reached XP level 1. HP: 14/14 MP: 1/1
   384 | D:1      | Reached XP level 2. HP: 18/19 MP: 2/2
  1721 | D:2      | Reached XP level 3. HP: 7/24 MP: 1/3
  2306 | D:3      | Reached XP level 4. HP: 28/29 MP: 4/4
  2419 | D:3      | Reached skill level 4 in Shields
  2609 | D:3      | Found Rapn's Assorted Antiques.
  2632 | D:3      | Found a faded altar of an unknown god.
  3390 | D:4      | Reached XP level 5. HP: 32/33 MP: 5/5
  3632 | D:4      | Found a runed translucent gate.
  3633 | D:4      | Found a runed translucent gate.
  3633 | D:4      | Found a runed translucent gate.
  3633 | D:4      | Noticed Cheivey's ghost (novice MiFi)
  3654 | D:4      | Noticed a lemure
  3655 | D:4      | Noticed a lemure
  3655 | D:4      | Noticed a lemure
  3656 | D:4      | Noticed Pikel
  3656 | D:4      | Noticed a lemure
  3757 | D:4      | Killed a lemure
  3760 | D:4      | Slain by Pikel

Illustrated notes

Levels and vault maps discovered:
D:1:      lemuel_arrival_tunnels, layout_basic
D:2:      layout_rooms, minmay_statues_item
D:3:      layout_rooms, serial_shops, shop,
          hellmonk_ecumenical_altar_pennies_from_heaven, minmay_goblin_outpost
D:4:      layout_basic, ebering_ghost_rock_garden, interstate_on_off, uniq_pikel

Skill      XL: |  1  2  3  4 |
---------------+-------------+-----
Axes           | 2 3 |  3.1
Shields        | 4 |  4.2
Fighting       | |  3.9
Armour         | |  3.8
Dodging        | |  0.8
Evocations     | |  0.9

Action                   |  1- 3 |  4- 6 || total
-------------------------+-------+-------++-------
Melee: War axe           |   124 |   138 ||   262
  Use: Scroll            |     4 |     4 ||     8
       Potion            |       |     3 ||     3
Armor: Scale mail        |    91 |    88 ||   179
Dodge: Dodged            |    48 |    62 ||   110
Block: Kite shield       |    99 |   101 ||   200

Table legend: (Time is in decaauts)
 A = Elapsed time spent in this place.
 B = Non-inter-level travel time spent in this place.
 C = Inter-level travel time spent in this place.
 D = Time resting spent in this place.
 E = Time spent auto-exploring this place.
 F = Levels seen in this place.
 G = Mean time per level.
                   A        B        C        D        E       F      G
               +--------+--------+--------+--------+--------+-----+--------+
         Total |   3919 |   3879 |     40 |    724 |   2288 |   4 |  979.8 |
       Dungeon |   3919 |   3879 |     40 |    724 |   2288 |   4 |  979.8 |
               +--------+--------+--------+--------+--------+-----+--------+

Top non-repeatable levels by time:
     D:1: 1672 daAuts
     D:3: 870 daAuts
     D:2: 692 daAuts
     D:4: 684 daAuts
